 Dungeon Crawl Stone Soup version 0.22-a0-614-g34fbaa0 (webtiles) character file.

8213 EloyTheNewbi the Grappler (level 11, -1/102 HPs)
             Began as a Troll Chaos Knight on July 12, 2018.
             Slain by a death yak (26 damage)
             ... on level 7 of the Dungeon.
             The game lasted 00:38:29 (7923 turns).

EloyTheNewbi the Grappler (Troll Chaos Knight)      Turns: 7923, Time: 00:38:30

Health: -1/102     AC:  9    Str: 26    XL:     11   Next: 6%
Magic:  10/10      EV: 14    Int:  8    God:    Xom [..*...]
Gold:   365        SH:  0    Dex: 12    Spells: 10/10 levels left

rFire    . . .     SeeInvis .     - Unarmed
rCold    + . .     Gourm    +   (no shield)
rNeg     . . .     Faith    .   a - +2 robe
rPois    .         Spirit   .   (helmet restricted)
rElec    .         Reflect  .   u - +2 cloak
rCorr    .         Harm     .   (gloves unavailable)
MR       .....                  (boots unavailable)
Stlth    ++........             (no amulet)
HPRegen  0.67/turn              e - ring of protection from cold
MPRegen  0.12/turn              c - +1 ring of evasion

@: cleaving
A: large, unfitting armour, claws 3, deformed body, fast metabolism 3, gourmand,
regeneration 1, shaggy fur 1, strong 2, tough skin 2, wild magic 1, evolution 1
a: Renounce Religion


You were on level 7 of the Dungeon.
You worshipped Xom.
You were a toy of Xom.
You were full.

You visited 2 branches of the dungeon, and saw 10 of its levels.
You also visited: Bailey.

You collected 565 gold pieces.
You spent 200 gold pieces at shops.

Inventory:

Missiles
 d - 262 stones (quivered)
Armour
 a - a +2 robe (worn)
 u - a +2 cloak (worn)
Jewellery
 c - a +1 ring of evasion (right claw)
 e - a ring of protection from cold (left claw)
 w - an uncursed ring of poison resistance
Wands
 o - a wand of digging (15)
Scrolls
 f - 4 scrolls of enchant weapon
 g - 3 scrolls of teleportation
 m - 7 scrolls of remove curse
 p - 2 scrolls of amnesia
 x - 5 scrolls of enchant armour
Potions
 h - 3 potions of haste
 i - 2 potions of mutation {unknown}
 j - 2 potions of lignification {unknown}
 k - a potion of brilliance {unknown}
 l - 2 potions of curing {unknown}
 n - 2 potions of magic {unknown}
 v - 2 potions of ambrosia {unknown}
 A - a potion of invisibility
 B - a potion of experience {unknown}
 C - a potion of resistance {unknown}
 D - a potion of berserk rage {unknown}
Comestibles
 b - 17 rations
 q - 10 chunks of flesh


   Skills:
 + Level 5.1 Fighting
 + Level 0.9 Throwing
 + Level 7.4 Dodging
 + Level 2.5 Stealth
 + Level 13.1 Unarmed Combat


You had 10 spell levels left.
You didn't know any spells.
Your spell library contained the following spells:

 Spells                   Type           Power        Failure   Level  Hunger
 Spider Form              Tmut/Pois      #.........   85%         3    ####...
 Blade Hands              Tmut           #.........   100%        5    ######.
 Ice Form                 Ice/Tmut       #.......     99%         4    #####..
 Sticks to Snakes         Tmut           #.......     63%         2    ###....
 Beastly Appendage        Tmut           #.....       50%         1    ##.....


Dungeon Overview and Level Annotations

Branches:
Dungeon (9/15)             Temple (1/1) D:7            Lair (0/6) D:9
    Orc: D:9-12

Altars:
Ashenzari
Cheibriados
Dithmenos
Elyvilon
Fedhas
Gozag
Hepliaklqana
Kikubaaqudgha
Makhleb
Nemelex Xobeh
Okawaru
Qazlal
Ru
Sif Muna
Trog
Uskayaw
Vehumet
Wu Jian
Xom
Yredelemnul
Zin
The Shining One

Shops:
D:4 %

Portals:
Bailey: D:8


Innate Abilities, Weirdness & Mutations

You are too large for most types of armour.
You have claws for hands.
Your metabolism is lightning-fast.
You like to eat raw meat.
Your natural rate of healing is unusually fast.
You are covered in fur. (AC +1)
You have very tough skin. (AC +2)
Armour fits poorly on your strangely shaped body.
Your muscles are very strong. (Str +4)
Your spells are a little harder to cast, but a little more powerful.
You evolve.


Message History

* * * LOW HITPOINT WARNING * * *
You climb upwards. "Just a minor improvement..."
There is a stone staircase leading down here.
There is a stone staircase leading up here.
The death yak gores you!
* * * LOW HITPOINT WARNING * * *
You climb upwards.
There is a stone staircase leading down here.
You barely miss the death yak. The death yak closely misses you.
You mangle the death yak!!
The death yak is moderately wounded. "The weather's been a little too boring around here."
You are now a toy of Xom.
The death yak barely misses you.
You claw the death yak!
The death yak is moderately wounded.
The death yak gores you!!
You die...
Xom roars with laughter!

##.# #.............#.##.#.## #..#
#.#####.##.#.##.##.#.## #..#
#.##.##.##.............
#..###.##.##.##.#.##.##.#.##
#.................##.##.#.##
#..###.##.#§§...............
#......##.§§§...............
##.###.##.#Y§§#.##..........
#.###.##.#@....#######...##
#.....##.#...### ##..##
#............##########..##
#...........###............
#........#.## #..[..####..#
#..........# #.....# ##.#
##.........## ##'#### #.#
#..........# ##)########..
########....)..#..###............


You could see a death yak.

Vanquished Creatures
  A two-headed ogre (D:9)
  4 death yaks (D:9)
  2 orc knights (Bailey)
  Joseph (D:9)
  A wyvern (D:8)
  A hog (shapeshifter) (D:9)
  2 water moccasins
  A porcupine (D:8)
  11 orc warriors
  A sky beast (D:7)
  2 phantoms
  4 ogres
  A black bear (D:7)
  3 centaurs
  A bullfrog (D:6)
  2 scorpions (D:6)
  A bullfrog zombie (D:5)
  2 howler monkeys (D:8)
  2 crimson imps
  A centaur zombie (D:7)
  2 hounds
  7 orc priests
  A quasit (D:5)
  2 jellies
  A bullfrog skeleton (D:8)
  A gnoll shaman (D:5)
  2 iguanas (D:6)
  Jessica (D:3)
  8 orc wizards
  6 worker ants
  A hound zombie (D:7)
  2 hound skeletons
  Robin (D:3)
  7 gnolls
  13 adders
  2 shadow imps
  4 oozes
  2 adder skeletons
  5 worms
  4 dart slugs
  2 leopard geckos
  70 orcs
  An orc (shapeshifter) (Bailey)
  9 bats
  4 giant cockroaches
  11 goblins
  5 hobgoblins
  20 jackals
  5 quokkas
  4 frilled lizards
  6 kobolds
  2 leopard gecko skeletons
  A leopard gecko zombie (D:6)
  A quokka skeleton (D:8)
  5 rats
262 creatures vanquished.

Vanquished Creatures (collateral kills)
  3 orc warriors (Bailey)
  A sky beast (D:6)
  An orc priest (D:2)
  An orc wizard (D:2)
  3 orcs (Bailey)
  A jackal (D:2)
10 creatures vanquished.

Vanquished Creatures (others)
  A dancing weapon (Bailey)
  Prince Ribbit (D:7)
  A bullfrog (D:7)
  A kobold (D:2)
4 creatures vanquished.

Grand Total: 276 creatures vanquished

Notes
Turn   | Place    | Note
-------+----------+-------------------------------------------
     0 | D:1      | EloyTheNewbi the Troll Chaos Knight began the quest for the Orb.
     0 | D:1      | Reached XP level 1. HP: 22/22 MP: 0/0
   168 | D:1      | XOM: divination: detect creatures
   406 | D:1      | Reached XP level 2. HP: 29/29 MP: 1/1
   730 | D:1      | XOM: medium Erth miscast
  1035 | D:2      | XOM: divination: detect creatures
  1040 | D:2      | Reached XP level 3. HP: 36/36 MP: 2/2
  1045 | D:2      | XOM: smoke on damage
  1088 | D:2      | Found a sparkling altar of Nemelex Xobeh.
  1134 | D:2      | XOM: harmless Chrm miscast
  1171 | D:2      | XOM: chaos cloud
  1186 | D:2      | XOM: stat loss: -1 Int (7/8)
  1192 | D:2      | Reached skill level 4 in Unarmed Combat
  1192 | D:2      | Reached XP level 4. HP: 43/44 MP: 3/3
  1424 | D:2      | XOM: scenery: 1 doors open
  1782 | D:2      | XOM: divination: magic mapping
  1948 | D:3      | Reached XP level 5. HP: 50/53 MP: 4/4
  1955 | D:3      | Reached skill level 5 in Unarmed Combat
  2020 | D:3      | Found an opulent altar of Gozag.
  2044 | D:3      | Noticed Robin
  2057 | D:3      | Killed Robin
  2125 | D:3      | Found a sparkling altar of Nemelex Xobeh.
  2126 | D:3      | Noticed Jessica
  2129 | D:3      | Killed Jessica
  2145 | D:3      | Found a faded altar of an unknown god.
  2207 | D:3      | Reached XP level 6. HP: 59/61 MP: 5/5
  2270 | D:3      | XOM: give mutations
  2270 | D:3      | Gained mutation: You evolve. [Xom's grace]
  2270 | D:3      | Gained mutation: Your muscles are strong. (Str +2) [Xom's grace]
  2325 | D:3      | XOM: scenery: create altars
  2417 | D:3      | XOM: god gift: scroll of fear
  2742 | D:4      | Reached skill level 6 in Unarmed Combat
  2772 | D:4      | XOM: harmless Necr miscast
  2874 | D:4      | XOM: harmless Erth miscast
  2879 | D:4      | Found Koghoyt's Food Shoppe.
  2886 | D:4      | Reached XP level 7. HP: 67/67 MP: 6/6
  2904 | D:4      | XOM: god gift: 14 stones
  2909 | D:4      | Bought a ration for 50 gold pieces
  2909 | D:4      | Bought a ration for 50 gold pieces
  2909 | D:4      | Bought a ration for 50 gold pieces
  2909 | D:4      | Bought a ration for 50 gold pieces
  2941 | D:4      | XOM: harmless Fire miscast
  3036 | D:4      | Found a stormy altar of Qazlal.
  3118 | D:4      | XOM: polymorph orc -> frilled lizard
  3260 | D:4      | XOM: give mutation
  3260 | D:4      | Gained mutation: You can translocate small distances at will. [Xom's grace]
  3338 | D:4      | Reached skill level 7 in Unarmed Combat
  3505 | D:5      | Entered Level 5 of the Dungeon
  3535 | D:5      | Lost mutation: You can translocate small distances at will. [evolution]
  3560 | D:5      | XOM: smoke on damage
  3611 | D:5      | Reached skill level 1 in Stealth
  3615 | D:5      | Found a glowing silver altar of Zin.
  3659 | D:5      | XOM: medium Ice miscast
  4084 | D:6      | XOM: enchant monster (good)
  4087 | D:6      | XOM: medium Tloc miscast
  4088 | D:6      | Noticed a spatial vortex
  4088 | D:6      | Noticed a spatial vortex
  4106 | D:6      | XOM: cast spell 'Olgreb's Toxic Radiance'
  4114 | D:6      | XOM: summons 2 friendly demons
  4122 | D:6      | Reached XP level 8. HP: 67/78 MP: 7/7
  4126 | D:6      | Reached skill level 8 in Unarmed Combat
  4161 | D:6      | Found a hide-covered altar of Uskayaw.
  4161 | D:6      | XOM: noise
  4162 | D:6      | XOM: confuse monster(s)
  4165 | D:6      | XOM: summons 8 friendly demons
  4257 | D:6      | Found a deep blue altar of Sif Muna.
  4368 | D:6      | XOM: scenery: create altars
  4377 | D:6      | XOM: polymorph centaur -> ooze
  4398 | D:6      | Reached skill level 9 in Unarmed Combat
  4439 | D:6      | XOM is BORED!
  4439 | D:6      | XOM: give mutations
  4439 | D:6      | Gained mutation: Your spells are a little harder to cast, but a little more powerful. [Xom's mischief]
  4439 | D:6      | Gained mutation: Armour fits poorly on your strangely shaped body. [Xom's mischief]
  5135 | D:7      | XOM: summons 4 friendly demons
  5135 | D:7      | Noticed Prince Ribbit
  5137 | D:7      | Reached XP level 9. HP: 71/84 MP: 8/8
  5141 | D:7      | Killed Prince Ribbit
  5141 | D:7      | XOM: divine lightning
  5182 | D:7      | Reached skill level 10 in Unarmed Combat
  5244 | D:7      | Reached skill level 5 in Dodging
  5254 | D:7      | XOM: harmless Fire miscast
  5293 | D:7      | Found a staircase to the Ecumenical Temple.
  5312 | Temple   | Entered the Ecumenical Temple
  5382 | Temple   | XOM: 1-stop teleportation journey
  5631 | D:7      | Gained mutation: Your muscles are very strong. (Str +4) [evolution]
  5920 | D:7      | XOM: summons 1 hostile demon
  5971 | D:8      | Found a flagged portal.
  5978 | D:8      | XOM: repel stairs
  6007 | Bailey   | Entered a bailey
  6018 | Bailey   | XOM: polymorph orc -> goblin
  6101 | Bailey   | XOM: cast spell 'Summon Ice Beast'
  6105 | Bailey   | XOM: butterfly on damage
  6222 | Bailey   | XOM: divination: detect items
  6232 | Bailey   | XOM: 1-stop teleportation journey
  6239 | Bailey   | XOM: summons friendly white imp
  6252 | Bailey   | XOM: mild Chrm miscast
  6254 | Bailey   | Reached skill level 11 in Unarmed Combat
  6256 | Bailey   | XOM: cast spell 'Summon Mana Viper'
  6281 | Bailey   | XOM: summons friendly ufetubus
  6293 | Bailey   | XOM: confusion (+ monsters)
  6325 | Bailey   | XOM: mild Necr miscast
  6326 | Bailey   | XOM: harmless Erth miscast
  6355 | Bailey   | Noticed an orc knight
  6355 | Bailey   | Noticed an orc knight
  6376 | Bailey   | XOM: potion effect (might)
  6377 | Bailey   | XOM: enchant monster (good)
  6379 | Bailey   | XOM: cast spell 'Summon Small Mammal'
  6420 | Bailey   | XOM: mild Ice miscast
  6421 | Bailey   | XOM: confuse monster(s)
  6426 | Bailey   | Killed an orc knight
  6428 | Bailey   | Killed an orc knight
  6428 | Bailey   | Reached XP level 10. HP: 56/94 MP: 9/9
  6495 | Bailey   | XOM: divination: detect items
  6499 | Bailey   | XOM: god gift: bubbling emerald potion {god gift}
  6541 | D:8      | XOM: polymorph scorpion -> porcupine
  6565 | D:8      | XOM: cloud trail
  7087 | D:9      | XOM: swap monsters
  7257 | D:9      | Noticed a two-headed ogre
  7274 | D:9      | XOM: summons 2 friendly demons
  7290 | D:9      | Killed a two-headed ogre
  7381 | D:9      | Noticed a death yak
  7384 | D:9      | Reached skill level 12 in Unarmed Combat
  7384 | D:9      | XOM: cast spell 'Ring of Flames'
  7393 | D:9      | Killed a death yak
  7402 | D:9      | Noticed a death yak
  7403 | D:9      | Noticed a death yak
  7403 | D:9      | Noticed Joseph
  7415 | D:9      | Noticed a death yak
  7507 | D:9      | XOM: blink monster(s)
  7512 | D:9      | XOM: polymorph black bear -> hog
  7596 | D:9      | XOM: cloud trail
  7610 | D:9      | Killed Joseph
  7644 | D:9      | Found a staircase to the Lair.
  7649 | D:9      | XOM: cast spell 'Leda's Liquefaction'
  7655 | D:9      | Noticed a death yak
  7657 | D:9      | XOM: scenery: create altars
  7659 | D:9      | XOM: fog
  7661 | D:9      | Noticed a death yak
  7669 | D:9      | HP: 2/94 [death yak (20)]
  7671 | D:9      | Killed a death yak
  7671 | D:9      | Reached skill level 5 in Fighting
  7835 | D:9      | XOM: scenery: create altars
  7871 | D:9      | XOM: scenery: create altars
  7879 | D:9      | Killed a death yak
  7888 | D:9      | XOM: cleaving
  7894 | D:9      | XOM: summons friendly iron imp
  7896 | D:9      | Killed a death yak
  7896 | D:9      | Reached skill level 13 in Unarmed Combat
  7896 | D:9      | Reached XP level 11. HP: 26/102 MP: 10/10
  7913 | D:8      | XOM: scenery: create altars
  7920 | D:7      | XOM: fog
  7923 | D:7      | Slain by a death yak

Vault maps used:
D:1:      dpeg_arrival_boxes_within_box
D:2:      nemelex_altar_shiori, first_ration, minmay_split_cup_large
D:3:      grunt_gozag_statues, chequers_ecumenical_altar_simple,
          nemelex_spade_bored_becter, uniq_robin, uniq_jessica
D:4:      kennysheep_little_box, serial_shops, shop
D:5:      lemuel_crystal_altar
D:6:      lemuel_blue_sif_altar, eat_drink_and_be_merry_uskayaw,
          hangedman_abyss_or_decor_slice
D:7:      minmay_temple_entry_junction, uniq_prince_ribbit1
D:8:      enter_bailey_3
D:9:      dpeg_lair_monsters, special_room, uniq_joseph
Temple:   eino_temple_rhombus
Bailey:   bailey_polearm_5, bailey

Skill      XL: |  1  2  3  4  5  6  7  8  9 10 |
---------------+-------------------------------+-----
Dodging        | 2 3 4 6 7 |  7.4
Unarmed Combat | 4 5 6 7 9 11 13 | 13.1
Fighting       | 3 4 5 |  5.1
Stealth        | 1 2 |  2.5
Throwing       | |  0.9

Action                   |  1- 3 |  4- 6 |  7- 9 | 10-12 || total
-------------------------+-------+-------+-------+-------++-------
Melee: Unarmed           |    63 |   169 |   337 |   124 ||   693
       Punch             |       |     3 |    13 |     8 ||    24
Throw: Stone             |       |       |     3 |     1 ||     4
  Use: Scroll            |     4 |     6 |    12 |     3 ||    25
       Potion            |       |     2 |    13 |     2 ||    17
 Stab: Sleeping          |       |       |     3 |     1 ||     4
       Confused          |       |       |     1 |       ||     1
       Distracted        |       |       |     1 |       ||     1
  Eat: Chunk             |    10 |    22 |    23 |    12 ||    67
       Ration            |       |       |       |     2 ||     2
Armor: Robe              |    29 |    78 |   140 |    24 ||   271
Dodge: Dodged            |    44 |    96 |   225 |    68 ||   433

Table legend:
 A = Spawn XP
 B = Non-spawn XP
 C = Spawn XP percentage of total XP
 D = Spawn monster count
 E = Non-spawn monster count
 F = Spawn count percentage of total count
 G = Total turns spent on level
                    A         B        C        D         E        F      G
               +---------+---------+-------+---------+---------+-------+---------
         Total |       0 |   11733 |   0.0 |       0 |     272 |   0.0 |  7923
               +---------+---------+-------+---------+---------+-------+---------
           D:1 |       0 |      33 |   0.0 |       0 |      15 |   0.0 |   990
           D:2 |       0 |     137 |   0.0 |       0 |      33 |   0.0 |   884
           D:3 |       0 |     239 |   0.0 |       0 |      24 |   0.0 |   801
           D:4 |       0 |     703 |   0.0 |       0 |      31 |   0.0 |   830
           D:5 |       0 |     293 |   0.0 |       0 |      16 |   0.0 |   576
           D:6 |       0 |     871 |   0.0 |       0 |      19 |   0.0 |   884
           D:7 |       0 |    1292 |   0.0 |       0 |      40 |   0.0 |   808
           D:8 |       0 |     819 |   0.0 |       0 |      18 |   0.0 |   572
           D:9 |       0 |    5320 |   0.0 |       0 |      36 |   0.0 |   913
        Bailey |       0 |    2026 |   0.0 |       0 |      40 |   0.0 |   500
               +---------+---------+-------+---------+---------+-------+---------
